 Dungeon Crawl Stone Soup version 0.26-a0-572-g753d7e3450 (webtiles) character file.

Game seed: 12208816029166307472

4 ANON1729 the Vexing (level 1, -1/19 HPs)
             Began as an Ogre Arcane Marksman on Aug 21, 2020.
             Slain by a hobgoblin (4 damage)
             ... on level 1 of the Dungeon.
             The game lasted 00:00:32 (432 turns).

ANON1729 the Vexing (Ogre Arcane Marksman)           Turns: 432, Time: 00:00:32

Health: -1/19      AC:  3    Str: 13    XL:     1   Next: 60%
Magic:  2/2        EV: 10    Int: 14    God:
Gold:   3          SH:  0    Dex:  9    Spells: 1/2 levels left

rFire    . . .     SeeInvis .   b - +0 whip
rCold    . . .     Faith    .   (no shield)
rNeg     . . .     Spirit   .   a - +0 robe
rPois    .         Reflect  .   (helmet restricted)
rElec    .         Harm     .   (no cloak)
rCorr    .                      (gloves unavailable)
MR       .....                  (boots unavailable)
Stlth    +.........             (no amulet)
HPRegen  0.06/turn              (no ring)
MPRegen  0.08/turn              (no ring)

@: no status effects
A: large, unfitting armour, tough skin 1
a: no special abilities


You were on level 1 of the Dungeon.
You visited 1 branch of the dungeon, and saw 1 of its levels.

You collected 3 gold pieces.

Inventory:

Hand Weapons
 b - a +0 whip (weapon)
Armour
 a - a +0 robe (worn)
Scrolls
 e - a scroll of identify {unknown}
Potions
 f - a potion of heal wounds {unknown}


   Skills:
 + Level 1.5 Fighting
 + Level 2.0 Throwing
 + Level 1.8 Dodging
 + Level 1.3 Spellcasting
 + Level 2.7 Hexes


You had one spell level left.
You knew the following spells:

 Your Spells              Type           Power        Failure   Level
a - Corona                Hex            #......      9%          1

Your spell library contained the following spells:

 Spells                   Type           Power        Failure   Level
 Slow                     Hex            #.......     12%         2
 Inner Flame              Hex/Fire       #.......     41%         3
 Portal Projectile        Hex/Tloc       #.....       41%         3
 Cause Fear               Hex            #.........   63%         4
 Leda's Liquefaction      Hex/Erth       #.........   82%         4


Dungeon Overview and Level Annotations

Branches:
Dungeon (1/15)

Altars:


Innate Abilities, Weirdness & Mutations

You are too large for most types of armour.
You have tough skin. (AC +1)


Message History

The hobgoblin is caught in the net!
The hobgoblin struggles against the net.
You catch the helpless hobgoblin completely off-guard!
You hit the hobgoblin.
The hobgoblin is heavily wounded.
The hobgoblin struggles against the net. x2
You hit the hobgoblin.
The hobgoblin is almost dead.
The hobgoblin struggles against the net.
You hit the hobgoblin but do no damage.
The hobgoblin is almost dead.
The hobgoblin struggles against the net.
The net rips apart, and the hobgoblin comes free!
You closely miss the hobgoblin.
The hobgoblin is almost dead.
The hobgoblin misses you.
You closely miss the hobgoblin.
The hobgoblin is almost dead.
The hobgoblin hits you.
You die...

#...............#.#
#............[.##.###
#...................#
######.###......#.#.#
#.# ######.#.#.# #.#
#.#.#.# #.# #.#.#..
#.# #.#.### #@# #.#.#
#g# #.#.# #r# #.#.#
#.# #.#.# #(. ..#.#
### #.# #.#####
#...... #######


You could see a hobgoblin and a rat.

Vanquished Creatures
  A goblin (D:1)
  A hobgoblin (D:1)
  A frilled lizard (D:1)
  A rat (D:1)
4 creatures vanquished.

Notes
Turn   | Place    | Note
-------+----------+-------------------------------------------
     0 | D:1      | ANON1729 the Ogre Arcane Marksman began the quest for the
                  | Orb.
     0 | D:1      | Reached XP level 1. HP: 19/19 MP: 2/2
     2 | D:1      | Noticed a dwarf
     2 | D:1      | Noticed a tengu
     4 | D:1      | Noticed a naga
     4 | D:1      | Noticed a draconian
     6 | D:1      | Noticed an elf
     6 | D:1      | Noticed a ghoul
     8 | D:1      | Noticed an ogre
     8 | D:1      | Noticed a demonspawn
    10 | D:1      | Noticed a demigod
    12 | D:1      | Noticed a formicid
    12 | D:1      | Noticed a vampire
    14 | D:1      | Noticed a minotaur
    14 | D:1      | Noticed a merfolk
    16 | D:1      | Noticed a human
    16 | D:1      | Noticed a troll
    18 | D:1      | Noticed a halfling
    18 | D:1      | Noticed a gargoyle
    20 | D:1      | Noticed a vine stalker
    20 | D:1      | Noticed a centaur
    22 | D:1      | Noticed an octopode
    24 | D:1      | Noticed a spriggan
    27 | D:1      | Noticed a felid
   432 | D:1      | Slain by a hobgoblin

Illustrated notes

Levels and vault maps discovered:
D:1:      kb_arrival_jail, layout_basic

Action                   || total
-------------------------++-------
Melee: Whip              ||    26
Throw: Large rock        ||     5
       Throwing net      ||     2
 Stab: Held in net/web   ||     1
Armor: Robe              ||     4
Dodge: Dodged            ||    16

Table legend: (Time is in decaauts)
 A = Elapsed time spent in this place.
 B = Non-inter-level travel time spent in this place.
 C = Inter-level travel time spent in this place.
 D = Time resting spent in this place.
 E = Time spent auto-exploring this place.
 F = Levels seen in this place.
 G = Mean time per level.
                   A        B        C        D        E       F      G
               +--------+--------+--------+--------+--------+-----+--------+
         Total |    438 |    438 |      0 |    213 |    160 |   1 |  438.0 |
       Dungeon |    438 |    438 |      0 |    213 |    160 |   1 |  438.0 |
               +--------+--------+--------+--------+--------+-----+--------+

Top non-repeatable levels by time:
     D:1: 438 daAuts
